 Dungeon Crawl Stone Soup version 0.31.0-11-ge490571c62 (webtiles) character file.

Game seed: 7412807243149550141

108 PaiMei the Digger (level 4, -2/24 HPs)
             Began as a Gargoyle Earth Elementalist on Feb 2, 2024.
             Slain by an iguana (3 damage)
             ... on level 5 of the Dungeon.
             The game lasted 00:04:07 (2501 turns).

PaiMei the Digger (Gargoyle Earth Elementalist)     Turns: 2501, Time: 00:04:08

Health: -2/24      AC:  7    Str: 17    XL:     4   Next: 87%
Magic:  7/7        EV: 12    Int: 18    God:
Gold:   173        SH:  0    Dex: 10    Spells: 4/8 levels left

rFire   . . .        i - +3 hand axe
rCold   . . .        (no shield)
rNeg    + . .        a - +0 robe
rPois   ∞            j - +0 helmet
rElec   +            (no cloak)
rCorr   .            u - +0 pair of gloves
SInv    .            (no boots)
Will    .....        v - amulet of the acrobat
Stlth   ++           s - +6 ring of strength
HPRegen 0.24/turn    (no ring)
MPRegen 0.10/turn

%: acrobat
@: no status effects
A: sickness immunity, AC +3, negative energy resistance 1, electricity
resistance, torment resistance 1, petrification resistance
a: no special abilities


You were on level 5 of the Dungeon.
You visited 1 branch of the dungeon, and saw 5 of its levels.

You collected 173 gold pieces.

Inventory:

Hand Weapons
 g - a +0 rapier
 i - a +3 hand axe (weapon)
Missiles
 d - 29 stones
 k - 7 poisoned darts (quivered)
Armour
 a - a +0 robe (worn)
 j - a +0 helmet (worn)
 o - a +0 leather armour
 u - a +0 pair of gloves (worn)
Jewellery
 s - a +6 ring of strength (left hand)
 v - an amulet of the acrobat (around neck)
Scrolls
 f - 6 scrolls of identify {unknown}
 h - a scroll of teleportation {unknown}
 l - 3 scrolls of fear {unknown}
 n - 2 scrolls of noise {unknown}
 p - a scroll of acquirement {unknown}
Potions
 b - a potion of magic
 c - 3 potions of curing {unknown}
 e - 2 potions of mutation {unknown}
 m - a potion of heal wounds {unknown}
 q - a potion of enlightenment {unknown}
 r - a potion of berserk rage {unknown}
 t - a potion of brilliance {unknown}
 w - a potion of lignification {unknown}


   Skills:
 + Level 2.2 Dodging
 + Level 3.2 Stealth
 + Level 2.6 Spellcasting
 + Level 2.3 Conjurations
 + Level 4.3 Earth Magic


You had 4 spell levels left.
You knew the following spells:

 Your Spells              Type           Power      Damage    Failure   Level
a - Sandblast             Erth           34%        2d9       3%          1
b - Stone Arrow           Conj/Erth      28%        3d8       13%         3

Your spell library contained the following spells:

 Spells                   Type           Power      Damage    Failure   Level
 Magic Dart               Conj           40%        1d5       7%          1
 Passwall                 Erth           17%        N/A       9%          3
 Blink                    Tloc           4%         N/A       26%         2
 Call Imp                 Summ           4%         N/A       26%         2
 Brom's Barrelling Bould  Conj/Erth      14%        2d4       41%         4
 Petrify                  Alch/Erth      10%        N/A       56%         4


Dungeon Overview and Level Annotations

Branches:
Dungeon (6/15)
 Temple: D:4-7

Altars:


Innate Abilities, Weirdness & Mutations

You are immune to sickness and miasma.
Your stone body is resilient. (AC +3)
You are immune to poison.
You resist negative energy. (rN+)
You are resistant to electric shocks. (rElec)
You are resistant to unholy torment.
You are immune to petrification.


Message History

The adder is heavily wounded.
The adder closely misses you.
You completely miss the adder.
The adder is heavily wounded.
The adder bites you but does no damage. The adder closely misses you.
You closely miss the adder.
The adder is heavily wounded.
The adder barely misses you. The adder closely misses you.
You barely miss the adder.
The adder is heavily wounded.
The adder completely misses you.
You miss the adder.
The adder is heavily wounded.
The adder bites you but does no damage. The adder misses you.
You completely miss the adder.
The adder is heavily wounded.
The adder barely misses you. The adder bites you.
You closely miss the adder.
The adder is heavily wounded.
The adder closely misses you.
You slash the adder!
You kill the adder!
You now have 173 gold pieces (gained 5).
n - 2 scrolls labelled KUIDWO XIAJ (gained 1)
An iguana comes into view.
The helpless iguana fails to defend itself.
You hit the iguana.
The iguana is moderately wounded.
The iguana closely misses you.
You hit the iguana but do no damage.
The iguana is moderately wounded.
The iguana bites you!
You hit the iguana.
The iguana is heavily wounded.
The iguana bites you. The iguana bites you!
* * * LOW HITPOINT WARNING * * *
You closely miss the iguana.
The iguana is heavily wounded.
The iguana bites you.
You die...

#.#
#.....#.........#
#.#
#.......###.###.#
#.# #...........#
#.# #......######
#.# #.........#
......##.###.##
#######..####.#
######....##l#
..........##@#
..#####...#.##
##...## #..##
#..# #..# #.##
#.# #.#


You could see an iguana.

Vanquished Creatures
  A jelly (D:5)
  A hound (D:6)
  An adder (D:5)
  A ribbon worm (D:2)
  A dart slug (D:2)
  An orc (D:3)
  5 bats
  4 endoplasms (D:1)
  3 hobgoblins
  2 kobolds
  A quokka (D:2)
  2 ball pythons
  3 frilled lizards
  3 goblins
  6 rats
35 creatures vanquished.

Notes
Turn   | Place    | Note
-------+----------+-------------------------------------------
     0 | D:1      | PaiMei the Gargoyle Earth Elementalist began the quest for
                  | the Orb.
     0 | D:1      | Reached XP level 1. HP: 10/10 MP: 3/3
   344 | D:1      | Reached XP level 2. HP: 15/15 MP: 3/5
  1427 | D:2      | Reached XP level 3. HP: 19/19 MP: 6/6
  1431 | D:2      | Learned a level 3 spell: Stone Arrow
  2121 | D:3      | Reached skill level 4 in Earth Magic
  2226 | D:3      | You fall into a shaft and drop 3 floors!
  2261 | D:6      | Reached XP level 4. HP: 13/24 MP: 7/7
  2311 | D:5      | Entered Level 5 of the Dungeon
  2317 | D:5      | Noticed a phantom
  2387 | D:5      | Noticed a black bear
  2500 | D:5      | HP: 1/24 [iguana (11)]
  2501 | D:5      | Slain by an iguana

Illustrated notes

Levels and vault maps discovered:
D:1:      saegor_arrival_under_anarchy, layout_basic,
          chequers_serial_rivers_large_b
D:2:      layout_basic
D:3:      layout_basic, minmay_misc_feat_square
D:5:      layout_loops_ring, mainiacjoe_overflow_two_lobes, nicolae_the_louvre,
          uniq_blork_the_orc, uniq_pikel
D:6:      layout_rooms, minmay_temple_entry_statues_pillars,
          ebering_ghost_sewer_f

Skill      XL: |  1  2  3 |
---------------+----------+-----
Earth Magic    | 4 |  4.3
Dodging        | 2 |  2.2
Stealth        | 3 |  3.2
Conjurations   | 2 |  2.3
Spellcasting   | |  2.6

Action                     |  1- 3 |  4- 6 || total
---------------------------+-------+-------++-------
  Melee: Unarmed           |    15 |       ||    15
         Punch             |     4 |       ||     4
         Rapier            |    28 |       ||    28
         Hand axe          |    59 |    15 ||    74
   Cast: Sandblast         |     4 |     2 ||     6
   Stab: Sleeping          |     2 |     1 ||     3
 Armour: Robe              |    71 |     9 ||    80
  Dodge: Dodged            |    72 |    13 ||    85
